 Dungeon Crawl Stone Soup version 0.25.1-2-g60ff931df9 (webtiles) character file.

Game seed: 13115047783420488955

116 waschbaer the Shooter (level 5, 0/40 HPs)
             Began as a Barachi Hunter on Oct 11, 2020.
             Slain by a gnoll
             ... wielding a +0 long sword
              (2 damage)
             ... on level 1 of the Dungeon on Oct 12, 2020.
             The game lasted 00:18:07 (3192 turns).

waschbaer the Shooter (Barachi Hunter)              Turns: 3192, Time: 00:18:08

Health: 0/40       AC:  4    Str: 13    XL:     5   Next: 0%
Magic:  5/5        EV: 12    Int: 12    God:
Gold:   64         SH:  0    Dex: 13    Spells: 4/4 levels left

rFire    . . .     SeeInvis .   b - +0 short sword
rCold    . . .     Gourm    .   (no shield)
rNeg     . . .     Faith    .   c - +1 leather armour
rPois    .         Spirit   .   (no helmet)
rElec    .         Reflect  .   (no cloak)
rCorr    .         Harm     .   (no gloves)
MR       .....                  (no boots)
Stlth    +.........             (no amulet)
HPRegen  0.00/turn              (no ring)
MPRegen  0.09/turn              (no ring)

@: can't hop, slow
A: +LOS, swims, blink, high mp 1, slowness 1, inhibited regeneration, MP-powered
wands, strong legs 1
a: Hop, Blink


You were on level 1 of the Dungeon.
You were not hungry.

You visited 1 branch of the dungeon, and saw 3 of its levels.

You collected 64 gold pieces.

Inventory:

Hand Weapons
 a - a +1 shortbow
 b - a +0 short sword (weapon)
 e - a +0 club
 h - a +0 club
Missiles
 d - 3 arrows
 g - 4 curare-tipped darts (quivered)
Armour
 c - a +1 leather armour (worn)
Jewellery
 l - an uncursed ring of wizardry {unknown}
 m - a cursed ring of attention
 o - an uncursed amulet of guardian spirit {unknown}
Scrolls
 n - a scroll of remove curse {unknown}
Potions
 i - a potion of brilliance {unknown}
 j - 3 potions of curing {unknown}
Comestibles
 f - a ration


   Skills:
 - Level 2.8 Fighting
 - Level 0.2 Maces & Flails
 + Level 5.9 Bows
 - Level 0.2 Armour
 - Level 2.1 Dodging
 - Level 0.8 Stealth


You had 4 spell levels left.
You didn't know any spells.
Your spell library was empty.

Dungeon Overview and Level Annotations

Branches:
Dungeon (3/15)

Altars:
Fedhas

Annotations:
D:3 Sigmund


Innate Abilities, Weirdness & Mutations

You can be seen from farther away. (+LOS)
You can swim through water.
You cover ground slowly.
You can hop short distances.
You can translocate small distances at will.
You have an increased reservoir of magic. (+10% MP)
You do not regenerate when monsters are visible.
You expend magic power (3 MP) to strengthen your wands.


Message History

There is an escape hatch in the ceiling here.
The gnoll barely misses you. A mysterious force pulls you upwards.
The hatch slams shut behind you.
Hop to where?
Press: ? - help, Dir - move target cursor Boing!
There is a stone staircase leading up here.
The gnoll barely misses you.
You climb upwards.
There is a stone staircase leading down here.
Throwing (i - inventory)
g - 4 curare-tipped darts (quivered)
Press: ? - help, Shift-Dir - straight line, f - gnoll
Aim: a gnoll, wielding a +0 long sword (heavily wounded)
Okay, then.
You don't know any spells.
Okay, then.
You barely miss the gnoll.
The gnoll is heavily wounded.
The gnoll hits you with a +0 long sword.
You die...

#.##.#### ########......#
##.#.....# #......####..#########
...##.##.# #.####.####...........
.....)##.###..........>..###.....
...#..........#..........###.#.##
#.######.###......#.####.##......
.........# #..#.#.#.# #.##..#.##
.##.###### #........# ##.##......
......# ###..@#### #........##
###.#.#### #..g# #.##.....##
###......# #...# #.##......#
....#.##.# #...# #.##.......
.##.#.##.#####...######.#........
.##.#..#..............#..........
.................................
....####..>.........).####.......
.##......#####...###### ##.....#


You could see a gnoll.

Vanquished Creatures
  An orc priest (D:3)
  2 adders
  An ooze (D:3)
  A worm (D:2)
  A dart slug (D:1)
  3 leopard geckos
  6 orcs
  A ball python (D:2)
  6 bats
  3 giant cockroaches
  3 goblins
  7 hobgoblins
  2 quokkas
  3 frilled lizards
  A kobold (D:1)
  9 rats
50 creatures vanquished.

Notes
Turn   | Place    | Note
-------+----------+-------------------------------------------
     0 | D:1      | waschbaer the Barachi Hunter began the quest for the Orb.
     0 | D:1      | Reached XP level 1. HP: 17/17 MP: 1/1
    57 | D:1      | Gained mutation: You are agile. (Dex +2) [potion of
                  | mutation]
    57 | D:1      | Lost mutation: You are agile. (Dex +2) [potion of mutation]
    57 | D:1      | Gained mutation: You are frail. (-10% HP) [potion of
                  | mutation]
    57 | D:1      | Gained mutation: You have large cloven feet. [potion of
                  | mutation]
   241 | D:1      | Reached XP level 2. HP: 20/20 MP: 2/2
   957 | D:1      | Reached XP level 3. HP: 24/25 MP: 3/3
  1299 | D:2      | Reached skill level 5 in Bows
  1824 | D:3      | Reached XP level 4. HP: 24/30 MP: 4/4
  1949 | D:3      | Noticed Sigmund
  2813 | D:3      | Found a blossoming altar of Fedhas.
  2871 | D:3      | Lost mutation: You are frail. (-10% HP) [potion of
                  | mutation]
  2871 | D:3      | Lost mutation: You have large cloven feet. [potion of
                  | mutation]
  2871 | D:3      | Gained mutation: You can translocate small distances at
                  | will. [potion of mutation]
  2871 | D:3      | Gained mutation: You expend magic power (3 MP) to
                  | strengthen your wands. [potion of mutation]
  2871 | D:3      | Gained mutation: You do not regenerate when monsters are
                  | visible. [potion of mutation]
  2871 | D:3      | Gained mutation: You have an increased reservoir of magic.
                  | (+10% MP) [potion of mutation]
  3129 | D:3      | Reached XP level 5. HP: 36/40 MP: 5/5
  3174 | D:3      | HP: 2/40 [gnoll/+0 long sword (2)]
  3192 | D:1      | Slain by a gnoll

Illustrated notes

Levels and vault maps discovered:
D:1:      psy_arrival_conway, layout_loops_cross
D:2:      layout_rooms, first_ration
D:3:      layout_loops_ring, lemuel_doored_altar, lemuel_round_altar,
          uniq_sigmund

Skill      XL: |  1  2  3 |
---------------+----------+-----
Bows           | 5 |  5.9
Fighting       | |  2.8
Maces & Flails | |  0.2
Armour         | |  0.2
Dodging        | |  2.1
Stealth        | |  0.8

Action                   |  1- 3 |  4- 6 || total
-------------------------+-------+-------++-------
Melee: Club              |     6 |       ||     6
       Short sword       |       |    29 ||    29
 Fire: Shortbow          |   118 |    40 ||   158
 Abil: Hop               |       |     2 ||     2
       Blink             |       |     1 ||     1
  Use: Scroll            |     4 |       ||     4
       Potion            |     2 |     1 ||     3
  Eat: Chunk             |     3 |     1 ||     4
       Ration            |       |     1 ||     1
Armor: Leather armour    |    16 |    13 ||    29
Dodge: Dodged            |    40 |    40 ||    80
